 Dungeon Crawl Stone Soup version 0.22.0-38-g04b72b8 (webtiles) character file.

125 Lew the Shield-Bearer (level 4, 0/41 HPs)
             Began as a Minotaur Fighter on Aug 29, 2018.
             Slain by a worm (13 damage)
             ... on level 4 of the Dungeon.
             The game lasted 00:02:56 (977 turns).

Lew the Shield-Bearer (Minotaur Fighter)             Turns: 977, Time: 00:02:57

Health: 0/41       AC:  8    Str: 21    XL:     4   Next: 82%
Magic:  3/3        EV:  8    Int:  5    God:
Gold:   73         SH:  9    Dex: 10    Spells: 3/3 levels left

rFire    . . .     SeeInvis .   a - +0 war axe
rCold    . . .     Gourm    .   c - +0 shield
rNeg     . . .     Faith    .   b - +0 scale mail
rPois    .         Spirit   .   (helmet restricted)
rElec    .         Reflect  .   m - +0 cloak
rCorr    .         Harm     .   (no gloves)
MR       .....                  (no boots)
Stlth    ..........             (no amulet)
HPRegen  0.13/turn              (no ring)
MPRegen  0.08/turn              (no ring)

@: no status effects
A: retaliatory headbutt, horns 2
a: no special abilities


You were on level 4 of the Dungeon.
You were not hungry.

You visited 1 branch of the dungeon, and saw 4 of its levels.

You collected 73 gold pieces.

Inventory:

Hand Weapons
 a - a +0 war axe (weapon)
Armour
 b - a +0 scale mail (worn)
 c - a +0 shield (worn)
 m - a +0 cloak (worn)
Scrolls
 e - a scroll of fear {unknown}
 g - 2 scrolls of teleportation {unknown}
 i - a scroll of blinking {unknown}
 k - a scroll of identify {unknown}
 n - a scroll of remove curse {unknown}
 o - a scroll of amnesia {unknown}
Potions
 d - a potion of might
 h - a potion of lignification {unknown}
 j - a potion of flight {unknown}
 l - a potion of heal wounds {unknown}
 p - 2 potions of degeneration {unknown}
Comestibles
 f - 6 rations


   Skills:
 + Level 4.4 Fighting
 + Level 3.6 Axes
 + Level 4.3 Armour
 + Level 0.7 Dodging
 + Level 4.9 Shields


You had 3 spell levels left.
You didn't know any spells.
Your spell library was empty.

Dungeon Overview and Level Annotations

Branches:
Dungeon (4/15)
 Temple: D:4-7

Altars:
Ru
Trog

Annotations:
D:3 Grinder


Innate Abilities, Weirdness & Mutations

You reflexively headbutt those who attack you in melee.
You have a pair of horns on your head.


Message History

The worm is moderately wounded.
You completely miss the worm. The worm bites you. You block the worm's attack.
The worm bites you!
Unknown command.
You are too injured to fight recklessly!
Unknown command.
You are too injured to fight recklessly!
Unknown command.
Unknown command.
You are too injured to fight recklessly!
Unknown command.
You are too injured to fight recklessly!
Unknown command.
You block the worm's attack.
You barely miss the worm. You slash the worm!
The worm is no longer berserk.
The worm bites you. You block the worm's attack.
You hit the worm.
The worm is lightly wounded.
You slash the worm! The worm bites you!
You die...

##.........##.......##
#...........#........###
#....###....#....≈.≈.'..
#...##y##...#...≈.≈.≈###
#....###....#...#...##
##.........###..#.≈.#
#.).._..))# ##.#...#
##...ww).## ###.≈.#
###..@### #...# #####
#.≈.# #...# #≈_≈# #≈≈≈#
#####


You could see a moth of wrath and 2 worms.

Vanquished Creatures
  An orc priest (D:4)
  A hound (D:4)
  Natasha (D:2)
  A hound skeleton (D:3)
  2 leopard geckos (D:1)
  2 orcs (D:4)
  A giant cockroach (D:3)
  3 goblins
  A hobgoblin (D:1)
  A quokka (D:4)
  A ball python (D:2)
  4 bats
  2 kobolds
  5 rats
26 creatures vanquished.

Notes
Turn   | Place    | Note
-------+----------+-------------------------------------------
     0 | D:1      | Lew the Minotaur Fighter began the quest for the Orb.
     0 | D:1      | Reached XP level 1. HP: 19/19 MP: 0/0
    80 | D:1      | Reached XP level 2. HP: 27/27 MP: 1/1
   160 | D:3      | Noticed Grinder
   204 | D:3      | Paralysed by Grinder for 5 turns
   487 | D:2      | Noticed Natasha
   495 | D:2      | Killed Natasha
   495 | D:2      | Reached XP level 3. HP: 23/33 MP: 2/2
   742 | D:4      | Reached XP level 4. HP: 39/41 MP: 3/3
   882 | D:4      | Found a sacrificial altar of Ru.
   949 | D:4      | Noticed a moth of wrath
   952 | D:4      | Found a bloodstained altar of Trog.
   977 | D:4      | Slain by a worm

Skill      XL: |  1  2  3 |
---------------+----------+-----
Shields        | 4 |  4.9
Fighting       | 4 |  4.4
Armour         | 4 |  4.3
Axes           | 3 |  3.6
Dodging        | |  0.7

Action                   |  1- 3 |  4- 6 || total
-------------------------+-------+-------++-------
Melee: War axe           |    54 |    15 ||    69
       Headbutt          |     6 |     2 ||     8
Armor: Scale mail        |    46 |     6 ||    52
Dodge: Dodged            |    16 |     2 ||    18
Block: Shield            |    40 |    11 ||    51
